 Dungeon Crawl Stone Soup version 0.26-b1-32-g5d43845318 (webtiles) character file.

Game seed: 13162300193915365694

14867 Borgoz the Grappler (level 12, -1/108 HPs)
             Began as a Ghoul Gladiator on Jan 13, 2021.
             Was the Champion of Okawaru.
             Slain by a komodo dragon (6 damage)
             ... on level 3 of the Lair of Beasts.
             The game lasted 00:12:43 (10775 turns).

Borgoz the Grappler (Ghoul Gladiator)              Turns: 10775, Time: 00:12:43

Health: -1/108     AC: 17    Str: 19    XL:     12   Next: 21%
Magic:  14/14      EV: 18    Int:  3    God:    Okawaru [******]
Gold:   416        SH:  0    Dex: 24    Spells: 11/11 levels left

rFire    . . .     SeeInvis .     - Unarmed
rCold    + + .     Faith    .   (no shield)
rNeg     + + +     Spirit   .   c - +2 scale mail {rC+}
rPois    ∞         Reflect  .   b - +0 helmet
rElec    .         Harm     .   r - +2 cloak {rPois}
rCorr    +         Rampage  .   (no gloves)
Will     .....                  l - +1 pair of boots {Stlth+}
Stlth    ++........             (no amulet)
HPRegen  0.00/turn              E - ring "Axtad" {rCorr Dex+4}
MPRegen  0.14/turn              j - +6 ring of dexterity

@: no status effects
A: claws 1, cold resistance 1, negative energy resistance 3, inhibited
regeneration, torment resistance, unbreathing
a: Renounce Religion, Heroism, Finesse


You were on level 3 of the Lair of Beasts.
You worshipped Okawaru.
Okawaru was exalted by your worship.
You visited 3 branches of the dungeon, and saw 13 of its levels.

You collected 611 gold pieces.
You spent 195 gold pieces at shops.

Inventory:

Armour
 b - a +0 helmet (worn)
 c - a +2 scale mail of cold resistance (worn)
 l - a +1 pair of boots of stealth (worn)
 r - a +2 cloak of poison resistance (worn)
Jewellery
 j - a +6 ring of dexterity (right claw)
 E - the ring "Axtad" (left claw) {rCorr Dex+4}
   (You found it on level 7 of the Dungeon)

   [ring of resist corrosion]

   It affects your dexterity (+4).
   It provides partial protection from all sources of acid and corrosion.
Wands
 q - a wand of flame (8)
 y - a wand of iceblast (9)
 D - a wand of digging (6)
 F - a wand of acid (11)
Scrolls
 a - 2 scrolls of amnesia {unknown}
 d - a scroll of brand weapon {unknown}
 e - 7 scrolls of remove curse
 h - 4 scrolls of immolation {unknown}
 k - 7 scrolls of teleportation
 n - 5 scrolls of fog {unknown}
 o - 2 scrolls of fear {unknown}
 s - 2 scrolls of enchant armour {unknown}
 v - 8 scrolls of identify {unknown}
 w - 3 scrolls of blinking
Potions
 f - 4 potions of heal wounds
 g - a potion of magic {unknown}
 i - 2 potions of mutation {unknown}
 m - a potion of attraction {unknown}
 p - 3 potions of resistance {unknown}
 t - 2 potions of cancellation {unknown}
 u - a potion of degeneration {unknown}
 x - 8 potions of curing {unknown}
 z - a potion of berserk rage {unknown}
 A - 2 potions of lignification {unknown}
 B - a potion of flight {unknown}
 C - a potion of brilliance {unknown}
 G - a potion of might {unknown}


   Skills:
 + Level 10.6 Fighting
 - Level 1.7 Throwing
 + Level 8.7 Armour
 + Level 9.2 Dodging
 + Level 10.9 Unarmed Combat
 - Level 5.0 Invocations


You had 11 spell levels left.
You didn't know any spells.
Your spell library was empty.

Dungeon Overview and Level Annotations

Branches:
Dungeon (9/15)             Temple (1/1) D:5            Lair (3/6) D:8
  Swamp: Lair:2-4    Shoals: Lair:2-4     Snake: Lair:2-4    Spider: Lair:2-4
    Orc: D:9-12

Altars:
Cheibriados
Dithmenos
Elyvilon
Fedhas
Gozag
Hepliaklqana
Kikubaaqudgha
Makhleb
Nemelex Xobeh
Okawaru
Qazlal
Sif Muna
Trog
Vehumet
Wu Jian
Yredelemnul
The Shining One
Lugonu

Shops:
D:6 !


Innate Abilities, Weirdness & Mutations

You thrive by killing the living.
You are immune to poison.
You have sharp fingernails.
Your flesh is cold resistant. (rC+)
You are immune to negative energy. (rN+++)
You do not regenerate when monsters are visible.
You are immune to unholy pain and torment.
You can survive without breathing.


Message History

The death yak gores you.
You scratch the death yak.
The death yak is almost dead.
The death yak gores you!!
* * * LOW HITPOINT WARNING * * *
You claw the death yak!
You kill the death yak!
Okawaru is honoured by your kill.
You scratch the komodo dragon but do no damage.
You scratch the komodo dragon but do no damage.
The komodo dragon misses you.
You claw the komodo dragon!
The komodo dragon is moderately wounded.
You hear a bellow! x2
The komodo dragon bites you!
* * * LOW HITPOINT WARNING * * *
You claw the komodo dragon!
The komodo dragon is severely wounded.
The komodo dragon bites you.
You die...

#
#.......#....P#P....#.........
#............###.....Y#.#.#.#.
#.............##....#YY.YYY...
#.............##...<.##.#l#Y#.
#.....####...##....Y.#####...Y
#.....# ##....##....## #..Y.
#......# #.....##÷....# #....
#......# ##...#l#.....## #...#
##.....# #...@#.....#.# #....P
#..... #...###....### #....#
#P....#.....### ######
##...P#P......#####.#
#....##......#...#.###
##....#.........[.....
P....#P..............
##...##...............
#P......#....#..


You could see a komodo dragon.

Vanquished Creatures
  A boulder beetle (Lair:2)
  2 hydras
  A two-headed ogre (D:8)
  4 death yaks
  2 black mambas
  5 cane toads
  5 komodo dragons
  A hornet (D:7)
  The ghost of Raspi the Charlatan, an amateur MfAr of Gozag (D:4)
  Sigmund (D:3)
  14 yaks
  A swamp worm (Lair:3)
  9 water moccasins
  A black bear (D:6)
  2 sky beasts
  3 phantoms
  2 orc warriors
  3 wolves (Lair:1)
  6 ogres
  6 bullfrogs
  A water moccasin skeleton (D:5)
  3 scorpions
  A crimson imp (D:6)
  An orc priest (D:4)
  3 hounds
  2 jellies
  7 orc wizards
  Terence (D:2)
  An iguana (D:4)
  4 worker ants
  Robin (D:2)
  2 howler monkey skeletons
  7 adders
  7 white imps
  3 ufetubi
  3 adder zombies
  2 oozes
  A worm (D:3)
  4 dart slugs
  8 leopard geckos
  21 orcs
  3 ball pythons
  6 bats
  5 giant cockroaches
  8 hobgoblins
  7 jackals
  3 quokkas
  7 frilled lizards
  10 goblins
  A goblin zombie (D:6)
  A hobgoblin zombie (D:6)
  A jackal skeleton (D:4)
  5 kobolds
  A kobold skeleton (D:6)
  2 orc skeletons (D:6)
  An orc zombie (D:6)
  8 rats
222 creatures vanquished.

Vanquished Creatures (others)
  10 fungi
  10 plants
20 creatures vanquished.

Grand Total: 242 creatures vanquished

Notes
Turn   | Place    | Note
-------+----------+-------------------------------------------
     0 | D:1      | Borgoz the Ghoul Gladiator began the quest for the Orb.
     0 | D:1      | Reached XP level 1. HP: 17/17 MP: 0/0
   146 | D:1      | Reached XP level 2. HP: 21/25 MP: 1/1
   644 | D:1      | Reached XP level 3. HP: 24/30 MP: 2/2
   652 | D:1      | Reached skill level 1 in Armour
  1047 | D:2      | Noticed Robin
  1341 | D:2      | Killed Robin
  1342 | D:2      | Reached XP level 4. HP: 36/37 MP: 3/3
  1856 | D:2      | Noticed Terence
  1876 | D:2      | Killed Terence
  1877 | D:2      | Reached XP level 5. HP: 35/45 MP: 4/4
  2011 | D:3      | Noticed Sigmund
  2026 | D:3      | Killed Sigmund
  2027 | D:3      | Reached XP level 6. HP: 47/52 MP: 5/5
  2058 | D:3      | Found a shimmering blue altar of Sif Muna.
  2102 | D:3      | You fall into a shaft and drop 1 floor!
  2261 | D:4      | Found a glowing golden altar of the Shining One.
  2351 | D:4      | Reached skill level 5 in Unarmed Combat
  2526 | D:3      | Found a faded altar of an unknown god.
  2933 | D:4      | Reached XP level 7. HP: 47/59 MP: 6/6
  3020 | D:4      | Found a large runed translucent door.
  3020 | D:4      | Found a large runed translucent door.
  3024 | D:4      | Noticed Raspi's ghost (amateur MfAr)
  3180 | D:5      | Entered Level 5 of the Dungeon
  3369 | D:5      | Reached skill level 5 in Fighting
  3519 | D:5      | Reached XP level 8. HP: 62/68 MP: 7/7
  3582 | D:5      | Found a stormy altar of Qazlal.
  3637 | D:5      | Found a staircase to the Ecumenical Temple.
  3674 | Temple   | Entered the Ecumenical Temple
  3786 | Temple   | Became a worshipper of Warmaster Okawaru
  3982 | D:5      | Reached skill level 5 in Dodging
  4263 | D:6      | Reached skill level 1 in Invocations
  4384 | D:6      | Found an ornate altar of the Wu Jian Council.
  4553 | D:6      | Found a glowing golden altar of the Shining One.
  4750 | D:6      | Found a shadowy altar of Dithmenos.
  4777 | D:6      | Reached * piety under Okawaru
  5003 | D:6      | Found Wuvaac's Distillery.
  5010 | D:6      | Bought a potion of heal wounds for 65 gold pieces
  5010 | D:6      | Bought a potion of haste for 130 gold pieces
  5091 | D:6      | Reached XP level 9. HP: 57/75 MP: 8/10
  5372 | D:7      | Reached ** piety under Okawaru
  5407 | D:7      | Reached skill level 5 in Armour
  5412 | D:7      | Got a shimmering wooden ring
  5415 | D:7      | Got an ichor-stained long sword
  5417 | D:7      | Identified the ring "Axtad" {rCorr Dex+4} (You found it on
                  | level 7 of the Dungeon)
  5419 | D:7      | Identified the +4 long sword of the Trees {venom, rF+ Int+8
                  | Dex-3} (You found it on level 7 of the Dungeon)
  5569 | D:7      | Noticed a hornet
  5585 | D:7      | Killed a hornet
  5849 | D:8      | Noticed a two-headed ogre
  5867 | D:8      | Killed a two-headed ogre
  5867 | D:8      | Reached *** piety under Okawaru
  5957 | D:8      | Found a blossoming altar of Fedhas.
  6220 | D:8      | Reached XP level 10. HP: 86/86 MP: 12/12
  6258 | D:8      | Found a staircase to the Lair.
  6487 | D:9      | Noticed a deep elf mage
  6487 | D:9      | Noticed a catoblepas
  6818 | D:4      | Killed Raspi's ghost
  6819 | D:4      | Reached skill level 5 in Invocations
  6979 | Lair:1   | Entered Level 1 of the Lair of Beasts
  6993 | Lair:1   | Noticed a cane toad
  7012 | Lair:1   | Killed a cane toad
  7267 | Lair:1   | Noticed an eight-headed hydra
  7278 | Lair:1   | Killed an eight-headed hydra
  7278 | Lair:1   | Reached **** piety under Okawaru
  7278 | Lair:1   | Received a gift from Okawaru
  7471 | Lair:1   | Noticed a black mamba
  7481 | Lair:1   | Killed a black mamba
  7787 | Lair:1   | Received a gift from Okawaru
  8357 | Lair:1   | Noticed a cane toad
  8371 | Lair:1   | Killed a cane toad
  8371 | Lair:1   | Reached ***** piety under Okawaru
  8593 | Lair:2   | Noticed a cane toad
  8606 | Lair:2   | Reached XP level 11. HP: 24/97 MP: 13/13
  9177 | Lair:2   | Noticed a boulder beetle
  9202 | Lair:2   | Killed a boulder beetle
  9202 | Lair:2   | Received a gift from Okawaru
  9501 | Lair:2   | Reached skill level 10 in Unarmed Combat
 10055 | Lair:3   | Noticed a death yak
 10057 | Lair:3   | Noticed a six-headed hydra
 10069 | Lair:2   | Killed a death yak
 10254 | Lair:3   | Killed a six-headed hydra
 10255 | Lair:3   | Reached skill level 10 in Fighting
 10459 | Lair:3   | Reached XP level 12. HP: 91/106 MP: 14/14
 10695 | Lair:3   | Noticed a death yak
 10697 | Lair:3   | Noticed a death yak
 10698 | Lair:3   | Noticed a death yak
 10700 | Lair:3   | Noticed a death yak
 10754 | Lair:3   | Killed a death yak
 10754 | Lair:3   | Reached ****** piety under Okawaru
 10762 | Lair:3   | Killed a death yak
 10762 | Lair:3   | Received a gift from Okawaru
 10771 | Lair:3   | Killed a death yak
 10774 | Lair:3   | HP: 5/108 [komodo dragon (10)]
 10775 | Lair:3   | Slain by a komodo dragon

Illustrated notes

Levels and vault maps discovered:
D:1:      psy_arrival_statuary, layout_basic
D:2:      layout_rooms, st_stairs_5, uniq_robin, uniq_terence
D:3:      layout_rooms, lemuel_crystal_altar, chequers_ecumenical_altar_island,
          minmay_quantized, uniq_sigmund
D:4:      layout_rooms, kennysheep_little_box, ebering_ghost_disaster_area,
          minivault_4
D:5:      layout_basic, minmay_temple_entry_waves, eino_tiny_chamber,
          minmay_misc_feat_square, chequers_avenue,
          nicolae_qazlal_general_emergency
D:6:      black_bear_nest_1, layout_basic, nzn_wu_jian_contemplation,
          grunt_dithmenos_smoke_and_mirrors, serial_shops, shop_statue,
          nicolae_tso_besieged_by_evil
D:7:      layout_rooms
D:8:      layout_basic, fedhas_altar_4, lair_entry_dummy
D:9:      gammafunk_boulding_lane, layout_basic, nicolae_overflow_crystal_walls,
          eat_drink_and_be_merry_uskayaw, nicolae_overflow_quartered_altars,
          jmf_multi_god_temple, uniq_erolcha
Temple:   kb_corrupted_temple
Lair:1:   layout_misc_corridors, grunt_megastairs_5
Lair:2:   layout_roguey, serial_bayou_shore_b, grunt_megastairs_2
Lair:3:   layout_cellular_growth, swamp_mist, st_stairs_10, worms_lemuel,
          infiniplex_staircase_pool, grunt_megastairs_3

Skill      XL: |  1  2  3  4  5  6  7  8  9 10 11 12 |
---------------+-------------------------------------+-----
Dodging        | 3 4 5 6 7 8 9 |  9.2
Armour         | 1 2 3 4 5 7 8 |  8.7
Unarmed Combat | 4 5 6 7 9 10 | 10.9
Fighting       | 3 4 5 6 7 9 10 | 10.6
Invocations    | 2 4 5 |  5.0
Throwing       | |  1.7

Action                   |  1- 3 |  4- 6 |  7- 9 | 10-12 || total
-------------------------+-------+-------+-------+-------++-------
Melee: Unarmed           |   100 |   176 |   356 |   397 ||  1029
       Punch             |     2 |       |    16 |    27 ||    45
Throw: Throwing net      |       |       |       |     5 ||     5
Invok: Heroism           |       |       |       |     1 ||     1
Evoke: Wand              |       |       |       |     7 ||     7
  Use: Scroll            |       |     2 |     2 |       ||     4
       Potion            |       |       |       |     3 ||     3
 Stab: Sleeping          |     4 |     9 |    12 |     1 ||    26
       Held in net/web   |       |       |       |     3 ||     3
Armor: Leather armour    |    31 |    33 |       |       ||    64
       Ring mail         |       |    13 |   130 |    57 ||   200
       Scale mail        |       |       |       |    59 ||    59
Dodge: Dodged            |    59 |   113 |   240 |   247 ||   659
